Description

Safe/potentially aggressive TvT opener (Factory expand) Pull off gas at first action (2* 2/3) full gas at second action

cyclone raven kills banshees

Replay - Bunny v uThermal: Game 2 - Cyber Forest LE

Build Order

Get SALT Encoding   

  12  0:01  SCV  
  13  0:13  SCV  
  14  0:17  Supply Depot  
  14  0:25  SCV  
  14  0:28  Refinery  
  15  0:38  SCV  
  16  0:45  Barracks  
  16  0:50  SCV  
  16  0:55  Refinery  
  17  1:02  SCV  
  18  1:14  SCV  
  19  1:32  Orbital Command, Factory  
  20  1:36  Reaper, Action  2/3 on both gas
  20  1:45  Supply Depot  
  20  1:57  SCV  
  21  2:04  Reaper  
  22  2:09  SCV  
  23  2:20  Hellion  
  25  2:35  Command Center  
  25  2:36  SCV  
  25  2:37  Reaper  
  28  2:43  Supply Depot  
  28  2:54  Starport  
  29  2:59  Hellion  
  31  3:05  Action  Back on gas
  32  3:12  Barracks Reactor  
  33  3:22  Factory Tech Lab  
  34  3:32  Refinery  
  34  3:36  Starport Tech Lab  
  36  3:42  Cyclone  
  40  3:46  Orbital Command  
  40  3:47  Marine x2  
  43  3:56  Raven  
  46  4:05  Marine x2  
  49  4:14  Siege Tank  
  53  4:23  Marine x2  
  56  4:39  Raven  
Spawning Tool Build Advisor. Get it on Overwolf

Go to:

Details

  • Created by: Lukebomber     
  • Published on: Mar 22, 2019
  • Modified on: Aug 25, 2019
  • Patch: 4.7.1
Show
View Real Time Build Order
Export as new Build Order

Comments (0)

There are no comments. Be the first!

Create an account to comment!